 Dungeon Sprint DCSS version 0.31-a0-632-g766dd24fdf (webtiles) character file.

Game seed: 17526071208402379210

1000000 sircluck the Chiller (level 1, -16/13 HPs)
             Began as a Formicid Ice Elementalist on Aug 25, 2023.
             Was an Initiate of Makhleb.
             Demolished by a bag of meat
             ... wielding a +9 war axe
              (29 damage)
             ... in the Dungeon (Sprint VIII: "Arena of Blood").
             The game lasted 00:00:10 (10 turns).

sircluck the Chiller (Formicid Ice Elementalist)      Turns: 10, Time: 00:00:10

Health: -16/13     AC:  2    Str: 12    XL:     1   Next: 0%
Magic:  3/3        EV: 12    Int: 14    God:    Makhleb [......]
Gold:   0          SH:  0    Dex: 14    Spells: 3/4 levels left

rFire   . . .        f - +∞ Axe of Woe
rCold   . . .        (no shield)
rNeg    . . .        a - +0 robe
rPois   .            (helmet unavailable)
rElec   .            (no cloak)
rCorr   .            (no gloves)
SInv    +            (no boots)
Will    .....        (no amulet)
Stlth   ++           (no ring)
HPRegen 0.22/turn    (no ring)
MPRegen 0.08/turn

%: no passive effects
@: no status effects
A: permanent stasis, dig shafts and tunnels, antennae 3, four strong arms
a: Dig, Renounce Religion


You were in the Dungeon.
You worshipped Makhleb.
Makhleb was noncommittal.
You visited 1 branch

Inventory:

Hand Weapons
 f - the +∞ Axe of Woe (weapon)
   (You found it in the Dungeon)
Armour
 a - a +0 robe (worn)
Scrolls
 e - a scroll of blinking
Potions
 b - 3 potions of magic
 c - a potion of curing
 d - a potion of heal wounds


   Skills:
 + Level 1.7 Dodging
 + Level 2.4 Stealth
 + Level 2.1 Spellcasting
 + Level 4.0 Ice Magic


You had 3 spell levels left.
You knew the following spells:

 Your Spells              Type           Power      Damage    Failure   Level
a - Freeze                Ice            48%        1d6       4%          1

Your spell library contained the following spells:

 Spells                   Type           Power      Damage    Failure   Level
 Frozen Ramparts          Ice            24%        1d4       14%         3
 Ozocubu's Armour         Ice            12%        N/A       14%         3
 Summon Ice Beast         Ice/Summ       7%         N/A       71%         4


Dungeon Overview and Level Annotations

Branches:
Dungeon (1/1)

Altars:
Makhleb


Innate Abilities, Weirdness & Mutations

You cannot be hasted, slowed, berserked, paralysed or teleported.
You can dig through walls and to a lower floor.
You have a pair of large antennae on your head. (SInv)
Your four strong arms can wield two-handed weapons with a shield.


Message History

------------------------------------------------------------------------------ ------------------------------------------------------------------------------ -- -- -- The Arena Of Blood -- -- -- -- -- -- -- -- You descend into the pit of gibs and meat, -- -- The sunken abyss of the depraved, -- -- The mill of turgid gutspawn. -- -- The writhen instruments serve in adoration, -- -- Immured beneath a rotten throne. -- -- -- -- Before you lies the servitor of chaos, -- -- The cleaver, -- -- The blasphemer, -- -- The destroyer, -- -- The Axe of Woe. -- -- -- -- Vessel of Makhleb, -- -- You are the unmaker, -- -- You bring the rapture, -- -- The murmurs of the thralls rise... -- -- The theatre of blood begins. -- -- -- ------------------------------------------------------------------------------ ------------------------------------------------------------------------------ Welcome, sircluck the Formicid Ice Elementalist.
Press ? for a list of commands and other information.
Found the +∞ Axe of Woe.
Found four burning altars of Makhleb.
Found a staircase leading out of the dungeon.
Unknown command.
Unknown command.
f - the +∞ Axe of Woe A bag of meat comes into view.
It is wielding a +9 war axe.
There is a burning altar of Makhleb here.
You kneel at the altar of Makhleb.
Makhleb welcomes you!
A bag of meat comes into view. It is wielding a +9 war axe.
Unknown command.
Press < or > to pray at altars.
f - the +∞ Axe of Woe (weapon)
The bag of meat shouts!
A bag of meat comes into view. It is wielding a +9 war axe. x2
A meat berserker comes into view. It is wielding a +9 battleaxe. x2
The bag of meat shouts! x2
A bag of meat comes into view. It is wielding a +9 war axe.
A meat berserker comes into view. It is wielding a +9 battleaxe.
The meat berserker rages.
The bag of meat shouts!
You slash the bag of meat! You chop the bag of meat into pieces.
You kill the bag of meat!
Makhleb accepts your kill.
The meat berserker rages.
A bag of meat comes into view. It is wielding a +9 war axe.
The bag of meat hits you with a +9 war axe!!
Ouch! That really hurt!
You die...

....... ..........
. ........... ..
......... ...
#.......#, .#..
#.......# ,
.....###.......###.
......o@.O###.o....
..#...)....o.......
#.......#O....#....
....O...#_.<._# .
#.......#.....#
..#o....o.._.....
..........###......
.....###..{ ..###.
.....{ #... ..#{


You could see 3 meat berserkers and 4 bags of meat.

Vanquished Creatures
  An orc (D)
1 creature vanquished.

Notes
Turn   | Place    | Note
-------+----------+-------------------------------------------
     0 | D        | Found the +∞ Axe of Woe
     0 | D        | sircluck the Formicid Ice Elementalist began the quest for
                  | the Orb.
     0 | D        | Reached XP level 1. HP: 13/13 MP: 3/3
     1 | D        | Noticed a bag of meat
     3 | D        | Became a worshipper of Makhleb the Destroyer
     3 | D        | Noticed a bag of meat
     6 | D        | Noticed a bag of meat
     6 | D        | Noticed a bag of meat
     6 | D        | Noticed a meat berserker
     6 | D        | Noticed a meat berserker
     7 | D        | Noticed a bag of meat
     8 | D        | Noticed a meat berserker
    10 | D        | Killed a bag of meat
    10 | D        | Noticed a bag of meat
    10 | D        | Demolished by a bag of meat

Illustrated notes

Levels and vault maps discovered:
D:        meatsprint

Action                     || total
---------------------------++-------
  Melee: Executioner's axe ||     1

Table legend: (Time is in decaauts)
 A = Elapsed time spent in this place.
 B = Non-inter-level travel time spent in this place.
 C = Inter-level travel time spent in this place.
 D = Time resting spent in this place.
 E = Time spent auto-exploring this place.
 F = Levels seen in this place.
 G = Mean time per level.
                   A        B        C        D        E       F      G
               +--------+--------+--------+--------+--------+-----+--------+
         Total |      9 |      9 |      0 |      0 |      0 |   1 |    9.0 |
       Dungeon |      9 |      9 |      0 |      0 |      0 |   1 |    9.0 |
               +--------+--------+--------+--------+--------+-----+--------+

Top non-repeatable levels by time:
       D: 9 daAuts
